 Dungeon Crawl Stone Soup version 0.30-a0-694-g3340775977 (webtiles) character file.

Game seed: 18423073723897708391

3094 Rrauwl the Basher (level 9, -4/79 HPs)
             Began as a Troll Brigand on Jan 20, 2023.
             Shot with a bolt by an orc warrior (22 damage)
             ... in a bailey.
             The game lasted 00:22:19 (6121 turns).

Rrauwl the Basher (Troll Brigand)                   Turns: 6121, Time: 00:22:20

Health: -4/79      AC:  5    Str: 25    XL:     9   Next: 59%
Magic:  8/8        EV:  9    Int:  7    God:
Gold:   520        SH:  0    Dex: 11    Spells: 8/8 levels left

rFire   . . .      SeeInvis +    p - +1 whip (pain)
rCold   + . .      Faith    .    (no shield)
rNeg    + . .      Spirit   .    b - +0 robe
rPois   .          Reflect  .    (helmet restricted)
rElec   .          Harm     .    f - +0 cloak "Tysi" {rC+ rN+}
rCorr   .          Rampage  .    (gloves unavailable)
Will    .....                    (boots unavailable)
Stlth   ++                       (no amulet)
HPRegen 1.13/turn                a - ring of see invisible
MPRegen 0.11/turn                (no ring)

@: no status effects
A: large, unfitting armour, claws 3, regeneration 1, shaggy fur 1, tough skin 1,
talons 1
a: no special abilities


You were in a bailey.
You visited 1 branch of the dungeon, and saw 7 of its levels.
You also visited: Ossuary and Bailey.

You collected 520 gold pieces.

Inventory:

Hand Weapons
 c - a +0 giant spiked club
 n - a +1 whip of flaming
 p - a +1 whip of pain (weapon)
 v - a +0 giant club
 A - a +0 giant spiked club
 D - a +0 mace of holy wrath
Missiles
 d - 14 poisoned darts (quivered)
 y - a boomerang of dispersal
Armour
 b - a +0 robe (worn)
 f - the +0 cloak "Tysi" (worn) {rC+ rN+}
   (You acquired it on level 4 of the Dungeon)

   rC:        It protects you from cold.
   rN:        It protects you from negative energy.
Jewellery
 a - a ring of see invisible (left claw)
 w - an amulet of faith
Wands
 i - a wand of mindburst (17)
 q - a wand of polymorph (10)
 u - a wand of charming (7)
 C - a wand of digging (6)
Scrolls
 h - 3 scrolls of teleportation
 r - 4 scrolls of identify
 t - a scroll of vulnerability
 z - a scroll of enchant weapon
 B - a scroll of fear
Potions
 g - 2 potions of lignification
 j - a potion of might
 k - 3 potions of haste
 l - 5 potions of curing
 m - a potion of invisibility
 o - a potion of brilliance
 s - 3 potions of resistance
 x - a potion of berserk rage
 E - a potion of attraction {unknown}


   Skills:
 - Level 2.0 Fighting
 - Level 2.0 Short Blades
 + Level 11.2 Maces & Flails
 - Level 4.0 Throwing
 - Level 1.0 Dodging
 - Level 3.0 Stealth


You had 8 spell levels left.
You didn't know any spells.
Your spell library contained the following spells:

 Spells                   Type           Power      Damage    Failure   Level
 Foxfire                  Conj/Fire      0%         2x1d4     43%         1
 Kiss of Death            Conj/Necr      0%         2d5       43%         1
 Cigotuvi's Dreadful Rot  Necr/Pois/Air  0%         N/A       56%         2
 Call Canine Familiar     Summ           0%         N/A       80%         3
 Confusing Touch          Hex            0%         N/A       80%         3
 Gell's Gravitas          Tloc           0%         N/A       80%         3
 Ignite Poison            Fire/Tmut/Pois 0%         N/A       80%         3
 Portal Projectile        Hex/Tloc       0%         N/A       80%         3
 Teleport Other           Tloc           0%         N/A       80%         3
 Dispel Undead            Necr           0%         3d6       99%         4
 Leda's Liquefaction      Hex/Erth       0%         N/A       99%         4
 Sticky Flame             Conj/Fire      0%         2d3       99%         4
 Fireball                 Conj/Fire      0%         3d3       100%        5
 Death Channel            Necr           0%         N/A       100%        6
 Dispersal                Tloc           0%         N/A       100%        6
 Starburst                Conj/Fire      0%         6d3       100%        6
 Ignition                 Fire           0%         3d3       100%        8


Dungeon Overview and Level Annotations

Branches:
Dungeon (7/15)            Ossuary (visited)          Bailey (1/1)
 Temple: D:4-7

Altars:
Hepliaklqana


Innate Abilities, Weirdness & Mutations

You are too large for most types of armour.
You have claws for hands.
Your natural rate of healing is unusually fast.
You are covered in fur. (AC +1)
You have tough skin. (AC +1)
You have sharp toenails.


Message History

Throw: 19 darts (poison)
Press: ? - help, Q - select action, (/) - cycle Shift-Dir - straight line, f/p - orc warrior
Aim: an orc warrior, wielding a +0 arbalest and wearing a +0 ring mail (51% to hit)
You throw a poisoned dart.
The poisoned dart closely misses the orc warrior.
The orc warrior shouts!
Throw: 18 darts (poison)
Press: ? - help, Q - select action, (/) - cycle Shift-Dir - straight line, f - orc warrior, p - orc warrior
Aim: an orc warrior, wielding a +0 arbalest and wearing a +0 ring mail (51% to hit)
You throw a poisoned dart. The poisoned dart hits the orc warrior!
The orc warrior is poisoned.
The orc warrior shoots a bolt.
The bolt barely misses you.
Throw: 17 darts (poison)
Press: ? - help, Q - select action, (/) - cycle Shift-Dir - straight line, f/p - orc warrior
Aim: an orc warrior, wielding a +0 arbalest and wearing a +0 ring mail (51% to hit)
You throw a poisoned dart. The poisoned dart hits the orc warrior.
The orc warrior is poisoned.
The orc warrior shoots a bolt.
The bolt hits you.
The orc warrior shoots a bolt.
The bolt hits you!
Throw: 16 darts (poison)
Press: ? - help, Q - select action, (/) - cycle Shift-Dir - straight line, f/p - orc warrior
Aim: an orc warrior, wielding a +0 arbalest and wearing a +0 ring mail (poisoned, 51% to hit)
You throw a poisoned dart.
The poisoned dart closely misses the orc warrior.
The orc warrior shoots a bolt.
The bolt barely misses you.
The orc warrior shoots a bolt.
The bolt hits you.
Throw: 15 darts (poison)
Press: ? - help, Q - select action, (/) - cycle Shift-Dir - straight line, f/p - orc warrior
Aim: an orc warrior, wielding a +0 arbalest and wearing a +0 ring mail (lightly wounded, poisoned, 51% to hit)
You throw a poisoned dart. The poisoned dart hits the orc warrior.
The orc warrior looks even sicker.
The orc warrior is lightly wounded.
The orc warrior shoots a bolt.
The bolt hits you!
The orc warrior shoots a bolt.
The bolt hits you!
* * * LOW HITPOINT WARNING * * *
The orc warrior shoots a bolt.
The bolt barely misses you.
The orc warrior shoots a bolt.
The bolt hits you!
* * * LOW HITPOINT WARNING * * *
The orc warrior shoots a bolt.
The bolt hits you!!
You die...

.........#
≈≈≈~.....# #
#≈≈.....# ≈#
.##≈.....#
~((o.#≈.....#
~≈#∩o##≈.....#
~≈##o#≈≈.....#
~≈≈≈~≈≈~...@.#
~~~~~~~~.....#
~~~~~~~~.....#
#~~~~~~~.....#
#~~~~~~~.....#
#~~~~~~~.....#
#~~~~~~~.....#
#~~~~~~~.....#
##~~~~~~~.....#


You could see an orc warrior (poisoned) and an orc.

Vanquished Creatures
  Pikel (D:4)
  Sigmund (D:6)
  An ice beast (D:6)
  An orc warrior (D:5)
  2 black bears
  A sky beast (D:7)
  3 ogres
  3 lemures (D:4)
  A phantom (D:5)
  2 kobold brigands (D:4)
  Blork the orc (D:6)
  2 bullfrogs
  A necrophage (D:5)
  7 scorpions
  A howler monkey (D:5)
  4 hounds
  6 orc priests
  Jessica (D:2)
  Ijyb (D:5)
  4 iguanas
  3 orc wizards
  9 mummies
  Robin (D:3)
  4 adders
  A shadow imp (D:6)
  2 ufetubi
  3 worms
  3 dart slugs
  32 orcs
  8 ball pythons
  6 bats
  5 endoplasms
  A giant cockroach (D:4)
  A gnoll zombie (Ossuary)
  11 hobgoblins
  3 jackals (D:2)
  2 quokkas
  2 frilled lizards (D:1)
  27 goblins
  2 hobgoblin zombies (Ossuary)
  14 kobolds
  3 kobold zombies (Ossuary)
  2 orc zombies (Ossuary)
  3 rats
192 creatures vanquished.

Notes
Turn   | Place    | Note
-------+----------+-------------------------------------------
     0 | D:1      | Rrauwl the Troll Brigand began the quest for the Orb.
     0 | D:1      | Reached XP level 1. HP: 19/19 MP: 0/0
   193 | D:1      | Reached skill level 1 in Dodging
   236 | D:1      | Reached XP level 2. HP: 28/28 MP: 1/1
   638 | D:2      | Reached XP level 3. HP: 35/35 MP: 2/2
   749 | D:2      | Noticed Jessica
   756 | D:2      | Killed Jessica
   804 | D:2      | Found a faded altar of an unknown god.
  1051 | D:2      | Reached XP level 4. HP: 42/42 MP: 3/3
  1754 | D:3      | Noticed a scorpion
  1777 | D:3      | Killed a scorpion
  1778 | D:3      | Reached XP level 5. HP: 13/49 MP: 4/4
  1841 | D:3      | Noticed Robin
  1864 | D:3      | Killed Robin
  2231 | D:4      | Reached skill level 1 in Maces & Flails
  2387 | D:4      | Found a hazy altar of Hepliaklqana.
  2616 | D:4      | Found a sand-covered staircase.
  2636 | D:4      | Reached XP level 6. HP: 36/57 MP: 5/5
  2658 | Ossuary  | Entered an ossuary
  2779 | Ossuary  | Reached skill level 2 in Maces & Flails
  2921 | Ossuary  | Reached skill level 3 in Maces & Flails
  3027 | D:4      | Identified a scroll of acquirement
  3027 | D:4      | Acquired the +0 cloak "Tysi" {rC+ rN+}
  3466 | D:4      | Reached skill level 4 in Maces & Flails
  3541 | D:4      | Reached XP level 7. HP: 55/57 MP: 6/6
  3957 | D:4      | Noticed Pikel
  3961 | D:4      | Killed Pikel
  3962 | D:4      | Reached skill level 6 in Maces & Flails
  4055 | D:4      | Reached XP level 8. HP: 44/72 MP: 7/7
  4083 | D:4      | Gained mutation: You are agile. (Dex +4, Str/Int -1)
                  | [potion of mutation]
  4083 | D:4      | Gained mutation: You have a pair of small horns on your
                  | head. [potion of mutation]
  4108 | D:5      | Entered Level 5 of the Dungeon
  4128 | D:5      | Reached skill level 7 in Maces & Flails
  4210 | D:5      | Noticed Ijyb
  4420 | D:5      | Reached skill level 8 in Maces & Flails
  4645 | D:5      | Killed Ijyb
  5136 | D:6      | Reached skill level 9 in Maces & Flails
  5320 | D:6      | Noticed Sigmund
  5333 | D:6      | Killed Sigmund
  5334 | D:6      | Reached XP level 9. HP: 69/79 MP: 8/8
  5396 | D:6      | Reached skill level 10 in Maces & Flails
  5478 | D:6      | Lost mutation: You are agile. (Dex +4, Str/Int -1) [potion
                  | of mutation]
  5478 | D:6      | Lost mutation: You have a pair of small horns on your head.
                  | [potion of mutation]
  5478 | D:6      | Gained mutation: You have sharp toenails. [potion of
                  | mutation]
  5565 | D:6      | Noticed Blork the orc
  5569 | D:6      | Killed Blork the orc
  5871 | D:7      | Reached skill level 11 in Maces & Flails
  6057 | D:7      | Found a flagged portal.
  6063 | Bailey   | Entered a bailey
  6121 | Bailey   | Shot with a bolt by an orc warrior

Illustrated notes

Levels and vault maps discovered:
D:1:      lightli_arrival_farm, layout_basic, minmay_tetromino_t2
D:2:      layout_loops_ring, hellmonk_ecumenical_altar_dog_temple,
          hangedman_decor_growths, minmay_misc_feat_rugged, uniq_jessica
D:3:      layout_loops_ring, kennysheep_path_1, minivault_11, uniq_robin
D:4:      cheibrodos_thug_alley, layout_basic, marbit_many_paths,
          gup_ossuary_entry_pyramid, minmay_tree_intersection, uniq_pikel
D:5:      layout_basic, nicolae_goblin_pals
D:6:      layout_cave_pools, uniq_blork_the_orc, uniq_sigmund
D:7:      layout_rooms, minmay_temple_entry_butterflies, enter_bailey_3,
          hangedman_abyss_or_decor_stabs
Bailey:   bailey_polearm_2, bailey

Skill      XL: |  1  2  3  4  5  6  7  8  9 |
---------------+----------------------------+-----
Throwing       | 2 3 4 |  4.0
Dodging        | 1 |  1.0
Fighting       | 2 |  2.0
Short Blades   | 2 |  2.0
Stealth        | 3 |  3.0
Maces & Flails | 1 4 6 9 11 | 11.2

Action                   |  1- 3 |  4- 6 |  7- 9 || total
-------------------------+-------+-------+-------++-------
Melee: Dagger            |    99 |   346 |       ||   445
       Punch             |     1 |     7 |     2 ||    10
       Whip              |       |    31 |   282 ||   313
       Headbutt          |       |       |    30 ||    30
       Mace              |       |       |    57 ||    57
       Kick              |       |       |    26 ||    26
Throw: Dart              |       |     5 |    70 ||    75
Evoke: Wand              |       |       |     4 ||     4
  Use: Potion            |       |    10 |     4 ||    14
       Scroll            |       |    18 |     4 ||    22
 Stab: Sleeping          |     7 |    12 |       ||    19
       Distracted        |       |       |     1 ||     1
Armor: Robe              |    45 |   115 |    65 ||   225
       Skin              |       |     3 |       ||     3
Dodge: Dodged            |    48 |   156 |   133 ||   337

Table legend: (Time is in decaauts)
 A = Elapsed time spent in this place.
 B = Non-inter-level travel time spent in this place.
 C = Inter-level travel time spent in this place.
 D = Time resting spent in this place.
 E = Time spent auto-exploring this place.
 F = Levels seen in this place.
 G = Mean time per level.
                   A        B        C        D        E       F      G
               +--------+--------+--------+--------+--------+-----+--------+
         Total |   5960 |   5771 |    189 |     53 |   4086 |   9 |  662.2 |
       Dungeon |   5580 |   5391 |    189 |     53 |   3964 |   7 |  797.1 |
       Ossuary |    325 |    325 |      0 |      0 |    112 |   1 |  325.0 |
        Bailey |     54 |     54 |      0 |      0 |     10 |   1 |   54.0 |
               +--------+--------+--------+--------+--------+-----+--------+

Top non-repeatable levels by time:
     D:4: 1533 daAuts
     D:5: 1049 daAuts
     D:3: 990 daAuts
     D:2: 641 daAuts
     D:1: 547 daAuts
     D:6: 544 daAuts
 Ossuary: 325 daAuts
     D:7: 274 daAuts
  Bailey: 54 daAuts
